 Dungeon Crawl Stone Soup version 0.30-a0-222-ge547ba4400 (webtiles) character file.

Game seed: 4615338553308556005

91826 Jannitor the Carver (level 15, -3/134 HPs)
             Began as an Armataur Chaos Knight on Oct 8, 2022.
             Was a Plaything of Xom.
             Slain by a spark wasp zombie (16 damage)
             ... on level 15 of the Dungeon.
             The game lasted 00:48:28 (23260 turns).

Jannitor the Carver (Armataur Chaos Knight)        Turns: 23260, Time: 00:48:29

Health: -3/134     AC: 23    Str: 34    XL:     15   Next: 56%
Magic:  30/30      EV:  8    Int: 12    God:    Xom [*.....]
Gold:   2704       SH: 11    Dex: 11    Spells: 12/22 levels left

rFire   + + .      SeeInvis .    S - +12 double sword of the Reaper {vorpal, rF+ Int+4}
rCold   . . .      Faith    .    p - +0 tower shield
rNeg    + . .      Spirit   .    L - +0 acid dragon scales
rPois   +          Reflect  .    t - +2 helmet
rElec   .          Harm     .    T - +1 cloak of Ymyxza Kepu {Str+6 Int-4}
rCorr   +          Roll     +    (no gloves)
Will    +....                    (no barding)
Stlth   ++++......               x - amulet of the acrobat
HPRegen 0.42/turn                i - ring of Qyrinuap {rF+ rN+ AC+4}
MPRegen 0.22/turn                E - ring "Tesmyejyo" {MP+9 AC+4 Slay+5}

@: about to teleport, flayed
A: large, rugged brown scales 3, deformed body, armoured tail, roll, long
tongue, awkward tongue, claws 2, poison resistance, screaming 1, strong 2,
evolution 1
a: Renounce Religion


You were on level 15 of the Dungeon.
You worshipped Xom.
You were a special plaything of Xom.
You visited 3 branches of the dungeon, and saw 22 of its levels.
You also visited: Ice Cave.

You collected 2938 gold pieces.
You spent 234 gold pieces at shops.

Inventory:

Hand Weapons
 F - a +2 dagger of venom
 S - the +12 double sword of the Reaper (weapon) {vorpal, rF+ Int+4}
   (You found it on level 2 of the Lair of Beasts)

   It inflicts extra damage upon your enemies.
   Int:       It affects your intelligence (+4).
   rF:        It protects you from fire.
 W - a +0 scimitar of flaming
Missiles
 g - 41 poisoned darts
 m - 10 atropa-tipped darts
 C - 3 throwing nets
 J - 4 curare-tipped darts (quivered)
Armour
 p - a +0 tower shield (worn)
 t - a +2 helmet (worn)
 w - a +0 pair of gloves
 I - a +2 ring mail of positive energy
 L - +0 acid dragon scales (worn)
 T - the +1 cloak of Ymyxza Kepu (worn) {Str+6 Int-4}
   (You found it on level 12 of the Dungeon)

   Str:       It affects your strength (+6).
   Int:       It affects your intelligence (-4).
Jewellery
 e - a ring of protection from fire
 i - the ring of Qyrinuap (left claw) {rF+ rN+ AC+4}
   (You found it on level 4 of the Lair of Beasts)

   [ring of protection]

   AC:        It affects your AC (+4).
   rF:        It protects you from fire.
   rN:        It protects you from negative energy.
 x - an amulet of the acrobat (around neck)
 A - the ring of Juulur {rF+ Dex+5 SInv}
   (You acquired it on level 1 of the Lair of Beasts)

   [ring of see invisible]

   Dex:       It affects your dexterity (+5).
   rF:        It protects you from fire.
   SInv:      It lets you see invisible.
 D - a ring of positive energy
 E - the ring "Tesmyejyo" (right claw) {MP+9 AC+4 Slay+5}
   (Xom gifted it to you on level 11 of the Dungeon)

   [ring of protection]

   AC:        It affects your AC (+4).
   Slay:      It affects your accuracy & damage with ranged weapons and melee
   (+5).
   MP:        It affects your magic capacity (+9).
 P - the ring of Lyoff {rN+ Int+3}
   (You found it on level 1 of the Lair of Beasts)

   [ring of positive energy]

   Int:       It affects your intelligence (+3).
   rN:        It protects you from negative energy.
 U - the ring of Vehumet's Delight {Contam Fly rN+ MP+9}
   (You found it on level 13 of the Dungeon)

   [ring of flight]

   rN:        It protects you from negative energy.
   MP:        It affects your magic capacity (+9).
   Fly:       It grants you flight.
   Contam:    It causes magical contamination when unequipped.
Wands
 k - a wand of digging (3)
 B - a wand of charming (14)
 N - a wand of flame (23)
 V - a wand of polymorph (13)
 Y - a wand of iceblast (6)
 Z - a wand of acid (5)
Scrolls
 b - 6 scrolls of identify
 h - a scroll of brand weapon
 l - 4 scrolls of teleportation
 q - 4 scrolls of magic mapping
 u - a scroll of butterflies
 y - 4 scrolls of enchant weapon
 G - 2 scrolls of vulnerability
 M - 3 scrolls of fear
 Q - 2 scrolls of amnesia
Potions
 a - 2 potions of ambrosia
 d - 5 potions of lignification
 j - 8 potions of brilliance
 n - 3 potions of cancellation
 o - 3 potions of curing
 r - 2 potions of berserk rage
 s - 2 potions of mutation
 v - 3 potions of attraction
 z - a potion of resistance
 H - 3 potions of flight
 K - a potion of might
 X - a potion of haste
Miscellaneous
 c - a piece from Xom's chessboard (15/15)
 O - a tin of tremorstones (2/2)


   Skills:
 + Level 9.7 Fighting
 - Level 10.8(13.3) Short Blades
 * Level 12.7(14.2) Long Blades
 + Level 12.1 Armour
 + Level 7.6 Dodging
 - Level 9.2 Stealth
 + Level 2.1 Shields
 - Level 4.4 Spellcasting
 - Level 8.1 Hexes
 - Level 3.2 Translocations


You had 12 spell levels left.
You knew the following spells:

 Your Spells              Type           Power      Damage    Failure   Level
a - Blink                 Tloc           20%        N/A       58%         2
b - Confusing Touch       Hex            22%        N/A       21%         3
c - Apportation           Tloc           20%        N/A       45%         1
d - Manifold Assault      Tloc           10%        N/A       99%         4

Your spell library contained the following spells:

 Spells                   Type           Power      Damage    Failure   Level
 Portal Projectile        Hex/Tloc       32%        N/A       50%         3
 Beastly Appendage        Tmut           4%         N/A       88%         1
 Kiss of Death            Conj/Necr      8%         2d6       88%         1
 Necrotise                Necr           8%         1d4       88%         1
 Sting                    Tmut/Pois      8%         1d3       88%         1
 Summon Small Mammal      Summ           8%         N/A       88%         1
 Poisonous Vapours        Pois/Air       4%         N/A       96%         2
 Sublimation of Blood     Necr           2%         N/A       96%         2
 Wereblood                Tmut           2%         N/A       96%         2
 Leda's Liquefaction      Hex/Erth       6%         N/A       98%         4
 Call Canine Familiar     Summ           2%         N/A       99%         3
 Spider Form              Tmut/Pois      2%         N/A       99%         3
 Vampiric Draining        Necr           2%         2d6       99%         3
 Animate Dead             Necr           2%         N/A       100%        4
 Dispel Undead            Necr           2%         3d7       100%        4
 Olgreb's Toxic Radiance  Pois           2%         N/A       100%        4
 Agony                    Necr           2%         N/A       100%        5
 Blade Hands              Tmut           1%         N/A       100%        5
 Irradiate                Conj/Tmut      1%         3d12      100%        5
 Dragon Form              Tmut           1%         N/A       100%        7
 Haunt                    Necr/Summ      1%         N/A       100%        7
 Storm Form               Tmut/Air       1%         N/A       100%        7
 Summon Hydra             Summ           1%         N/A       100%        7
 Infestation              Necr           1%         N/A       100%        8


Dungeon Overview and Level Annotations

Branches:
Dungeon (15/15) Temple (0/1) D:4 Lair (5/5) D:10 Swamp (0/4) Lair:2 Spider (0/4) Lair:3 Slime (0/5) Lair:5 Orc (2/2) D:12 Elf (0/3) Orc:2 Vaults (0/5) D:14 D:15 Depths (0/4) D:15 IceCv (visited)

Altars:
Kikubaaqudgha
Nemelex Xobeh
Ru
Xom

Shops:
Orc:2 ?:

Annotations:
D:4 2 runed translucent doors, BlueGoblin's ghost, amateur FeCj
D:8 2 transporters, anet's ghost, novice GnDe
D:14 Rupert
Lair:2 Tewichka's ghost, adept KoHu
Lair:3 exclusion: door
Lair:4 2 exclusions
Orc:2 Erolcha


Innate Abilities, Weirdness & Mutations

You are completely covered in rugged brown scales. (AC +3, +7% HP)
Armour fits poorly on your strangely shaped body.
You have a long armoured tail.
You roll when moving toward enemies. (Rampage)
Your long tongue fully drains potion bottles. (2x potion effects)
Your tongue gives you trouble enunciating. (1.5x scroll delay)
You have very sharp fingernails.
Your system is resistant to poisons. (rPois)
You occasionally shout uncontrollably at your foes.
Your muscles are very strong. (Str +8, Int/Dex -2)
You have hidden genetic potential.


Message History

The spark wasp zombie hits you but does no damage.
You block the spriggan berserker skeleton's attack.
The spark wasp zombie completely misses you.
A necromancer and a deep elf archer come into view.
The deep elf archer unwields a +0 short sword.
The deep elf archer wields a +0 shortbow.
The deep elf archer shoots an arrow.
The arrow hits you.
The spark wasp zombie hits you but does no damage.
The spriggan berserker skeleton closely misses you.
The necromancer shouts!
You completely miss the flayed ghost.
Your tail-slap misses the flayed ghost.
The spark wasp zombie hits you but does no damage.
The necromancer points at you and mumbles some strange words.
Your body is wracked with pain!
The flayed ghost cries, "Feel what I felt!"
Terrible wounds open up all over your body!
The deep elf pyromancer casts a spell.
The deep elf pyromancer blinks!
The deep elf archer shoots an arrow.
The arrow hits you!
The spriggan berserker skeleton barely misses you.
You slash the flayed ghost!
Your tail-slap misses the flayed ghost.
The flayed ghost is moderately damaged.
The spark wasp zombie closely misses you.
The flayed ghost cries, "Feel what I felt!"
Terrible wounds spread across more of your body!
* * * LOW HITPOINT WARNING * * *
The deep elf archer shoots an arrow.
The arrow hits you!
* * * LOW HITPOINT WARNING * * *
The spark wasp zombie barely misses you.
The spriggan berserker skeleton hits you.
* * * LOW HITPOINT WARNING * * *
The spark wasp zombie attacks as you move away!
You block the spark wasp zombie's attack.
A frost giant skeleton comes into view.
The flayed ghost completely misses you.
Unknown command.
As you read the scroll of teleportation, it crumbles to dust.
You feel strangely unstable. The spark wasp zombie hits you!
You die...
Xom howls with laughter!

#...)..#....#B..... #
#......#....#...........
# #......#....#
...Z..P... #
._.....#....####.......8.
#
.......#.................
.......#.............P...
.......#............P.>..
#......#.........Z88.....
#......#....####@W...p...
#......#........ZZ.......
#......#.................
#......#...........8..P..
#......#...............P.
.......#.................
.......#....#########e...
.......#....# ....
.......###### ...


You could see a flayed ghost, a deep elf archer (repels missiles), a
necromancer, a spark wasp zombie, a spriggan berserker skeleton and 2 frost
giant skeletons.

Vanquished Creatures
  A fire dragon (Lair:5)
  4 centaur warriors
  7 hydras
  2 catoblepae
  6 boulder beetles
  A death knight (D:15)
  A death yak (D:9)
  8 two-headed ogres
  Urug (D:14)
  4 skeletal warriors (D:15)
  An orc knight (Orc:1)
  2 lindwurms
  A harpy (Lair:2)
  9 orc sorcerers
  3 manticores
  3 slime creatures (D:13)
  3 cyclopes (D:15)
  3 ugly things (D:15)
  10 elephants
  3 gargoyles
  A water nymph (Lair:5)
  2 ice statues (IceCv)
  5 cane toads
  6 black mambas
  3 molten gargoyles (Lair:5)
  A torpor snail (Lair:5)
  4 unseen horrors
  5 rime drakes
  2 efreet (D:14)
  A freezing wraith (D:15)
  15 komodo dragons
  An anaconda simulacrum (IceCv)
  An ice devil (IceCv)
  4 trolls
  A meliai (Lair:1)
  A hornet (Lair:4)
  5 polar bears
  A raiju (Lair:1)
  8 dream sheep
  2 shadows
  26 yaks
  4 wraiths
  A vampire (D:10)
  A wyvern (D:9)
  9 humans
  11 basilisks
  A steam dragon (Lair:5)
  2 death yak simulacra
  7 vampire mosquitoes
  3 wargs
  An acid dragon (D:12)
  15 water moccasins
  2 hell hounds (Lair:5)
  9 orc warriors
  A black bear (D:6)
  A sky beast (D:6)
  8 ogres
  5 centaurs
  15 wolves
  4 phantoms
  2 kobold brigands
  A necrophage (D:6)
  19 bullfrogs
  3 cane toad simulacra
  4 scorpions
  A gnoll sergeant (D:7)
  4 wights (D:6)
  A killer bee (D:7)
  An elephant simulacrum (Lair:4)
  An electric eel (D:7)
  A howler monkey (D:10)
  5 lava snakes (Lair:5)
  5 jellies
  5 hounds
  12 orc priests
  A gnoll bouda (D:5)
  4 iguanas
  25 orc wizards
  Natasha (D:3)
  A spriggan simulacrum (IceCv)
  2 wolf simulacra (Lair:4)
  Robin (D:3)
  24 gnolls
  9 adders
  3 river rats
  2 shadow imps
  4 white imps
  3 ufetubi
  A worm (D:5)
  A dart slug (D:3)
  46 orcs
  6 ball pythons
  5 bats
  8 endoplasms
  2 giant cockroaches (D:2)
  9 goblins
  9 hobgoblins
  6 jackals
  4 quokkas
  2 frilled lizards
  11 kobolds
  6 rats
529 creatures vanquished.

Vanquished Creatures (collateral kills)
  A ghost moth (D:10)
  An elephant (Lair:5)
  3 komodo dragons
  4 yaks
  A water moccasin (Lair:1)
  A two-headed ogre simulacrum (IceCv)
  A howler monkey (D:10)
  A naga simulacrum (IceCv)
  A white imp (IceCv)
  An ufetubus (IceCv)
  An orc (D:10)
16 creatures vanquished.

Vanquished Creatures (others)
  A dancing weapon (D:10)
  A two-headed ogre (D:9)
  An unseen horror (D:12)
  A hell hound (Lair:5)
  3 orc wizards (Orc:2)
  A kobold (D:9)
  22 fungi
  32 plants
  9 withered plants (D:15)
71 creatures vanquished.

Grand Total: 616 creatures vanquished

Notes
Turn   | Place    | Note
-------+----------+-------------------------------------------
     0 | D:1      | Jannitor the Armataur Chaos Knight began the quest for the
                  | Orb.
     0 | D:1      | Reached XP level 1. HP: 19/19 MP: 1/1
     8 | D:1      | XOM: potion effect (berserk rage)
    12 | D:1      | XOM: silly message
    79 | D:1      | Found a faded altar of an unknown god.
   236 | D:1      | Reached XP level 2. HP: 25/26 MP: 2/2
   433 | D:2      | Reached skill level 1 in Stealth
   437 | D:2      | Identified the +7 hand axe of Bankruptcy {speed, rPois
                  | Str+2}
   447 | D:2      | Found a sparkling altar of Nemelex Xobeh.
   473 | D:2      | XOM: silly message
   495 | D:2      | Reached skill level 1 in Dodging
   564 | D:2      | XOM: silly message
   566 | D:2      | Reached XP level 3. HP: 29/33 MP: 3/3
   664 | D:2      | XOM: noise
   724 | D:2      | XOM: silly message
   977 | D:2      | XOM: summons 2 hostile demons
   978 | D:2      | Noticed a chaos spawn
   979 | D:2      | XOM: smoke on damage
  1142 | D:3      | Noticed Robin
  1142 | D:3      | XOM: 3-stop teleportation journey
  1152 | D:3      | Killed Robin
  1153 | D:3      | Reached XP level 4. HP: 30/40 MP: 4/4
  1320 | D:3      | XOM: 4-stop teleportation journey
  1379 | D:3      | Noticed Natasha
  1385 | D:3      | Killed Natasha
  1437 | D:3      | XOM: noise
  1626 | D:4      | Reached XP level 5. HP: 25/48 MP: 5/5
  1806 | D:4      | Noticed a phantom
  1810 | D:4      | Killed a phantom
  1820 | D:4      | Reached XP level 6. HP: 40/54 MP: 6/6
  2011 | D:4      | Found a staircase to the Ecumenical Temple.
  2103 | D:4      | Found a runed translucent door.
  2125 | D:4      | Noticed BlueGoblin's ghost (amateur FeCj)
  2146 | D:4      | Found a runed translucent door.
  2236 | D:4      | XOM: summons 4 hostile demons
  2310 | D:4      | XOM is BORED!
  2310 | D:4      | XOM: stat loss: -2 Str (18/20)
  2525 | D:5      | XOM: noise
  2525 | D:5      | Entered Level 5 of the Dungeon
  2645 | D:5      | XOM is BORED!
  2645 | D:5      | XOM: stat loss: -2 Dex (5/11)
  2658 | D:5      | You fall into a shaft and drop 2 floors!
  2751 | D:6      | Reached XP level 7. HP: 55/63 MP: 7/7
  3017 | D:5      | XOM: chaos upgrade
  3095 | D:5      | XOM: noise
  3326 | D:5      | Reached skill level 5 in Armour
  3411 | D:5      | XOM: noise
  3461 | D:5      | XOM: god gift: scroll of teleportation
  3814 | D:5      | XOM: summons 4 hostile demons
  4022 | D:5      | XOM: chaos upgrade
  4041 | D:5      | XOM: smoke on damage
  4198 | D:6      | Reached XP level 8. HP: 71/71 MP: 8/8
  4205 | D:6      | XOM: potion effect (heal wounds)
  4324 | D:6      | Reached skill level 5 in Stealth
  4410 | D:6      | XOM: chaos cloud
  4439 | D:6      | Reached skill level 5 in Fighting
  4526 | D:6      | Reached skill level 5 in Short Blades
  4532 | D:6      | XOM: chaos cloud
  5134 | D:7      | XOM: cast spell 'Alistair's Intoxication'
  5213 | D:7      | Found a sacrificial altar of Ru.
  5272 | D:7      | Reached XP level 9. HP: 79/79 MP: 9/9
  5342 | D:7      | XOM: silly message
  5576 | D:7      | XOM: cast spell 'Olgreb's Toxic Radiance'
  5582 | D:7      | Reached skill level 1 in Spellcasting
  5687 | D:7      | XOM: cast spell 'Summon Ice Beast'
  6062 | D:7      | XOM: confuse monster(s)
  6322 | D:8      | XOM: scenery: summon butterflies
  6325 | D:8      | XOM: polymorph butterfly -> shapeshifter
  6440 | D:8      | Noticed anet's ghost (novice GnDe)
  6440 | D:8      | Found a transporter.
  6440 | D:8      | Found a transporter.
  6919 | D:8      | Learned a level 2 spell: Blink
  6967 | D:8      | Noticed a centaur warrior
  6973 | D:8      | Killed a centaur warrior
  6974 | D:8      | Reached skill level 1 in Translocations
  6974 | D:8      | Reached XP level 10. HP: 84/89 MP: 13/13
  7171 | D:8      | XOM is BORED!
  7171 | D:8      | XOM: summons 5 hostile demons
  7494 | D:9      | XOM: chaos upgrade
  7498 | D:9      | XOM: stat loss: -1 Int (12/13)
  7523 | D:9      | XOM: confusion (+ monsters)
  7874 | D:10     | Entered Level 10 of the Dungeon
  7874 | D:10     | Noticed a death yak
  7874 | D:10     | Noticed a death yak
  7874 | D:10     | Found a staircase to the Lair.
  7877 | D:10     | Noticed a death yak
  7877 | D:10     | XOM: swap monsters
  7888 | D:10     | XOM: silly message
  7896 | D:9      | XOM: confusion (+ monsters)
  7919 | D:9      | XOM: cleaving
  7929 | D:9      | Killed a death yak
  7930 | D:9      | Reached skill level 5 in Dodging
  8016 | D:10     | Noticed a two-headed ogre
  8040 | D:9      | Killed a two-headed ogre
  8040 | D:9      | XOM: divine lightning
  8181 | D:9      | XOM: divination: detect items
  8191 | D:9      | XOM: cast spell 'Disjunction'
  8378 | D:10     | Noticed a two-headed ogre
  8381 | D:10     | Killed a two-headed ogre
  8448 | D:10     | a death yak changed into something unseen
  8448 | D:10     | XOM: polymorph death yak -> something unseen
  8485 | D:11     | Noticed a manticore
  8594 | D:10     | XOM: silly message
  8598 | D:10     | Noticed a two-headed ogre
  8646 | D:10     | XOM: divination: detect items
  8766 | Lair:1   | Entered Level 1 of the Lair of Beasts
  8779 | Lair:1   | Identified the ring of Lyoff {rN+ Int+3}
  8871 | Lair:1   | XOM: 2-stop teleportation journey
  8884 | Lair:1   | Noticed a cane toad
  8902 | Lair:1   | XOM: potion effect (invisibility)
  8904 | Lair:1   | Killed a cane toad
  8957 | Lair:1   | Identified a scroll of acquirement
  8957 | Lair:1   | Acquired the ring of Juulur {rF+ Dex+5 SInv}
  8968 | Lair:1   | XOM: potion effect (invisibility)
  8978 | Lair:1   | Learned a level 3 spell: Confusing Touch
  9084 | Lair:1   | XOM: silly message
  9104 | Lair:1   | XOM: polymorph komodo dragon -> raiju
  9178 | Lair:1   | XOM: polymorph komodo dragon -> meliai
  9180 | Lair:1   | XOM: noise
  9186 | Lair:1   | Reached XP level 11. HP: 30/98 MP: 16/16
  9255 | Lair:1   | Reached skill level 10 in Short Blades
  9255 | Lair:1   | Reached XP level 12. HP: 107/107 MP: 17/17
  9255 | Lair:1   | Reached XP level 13. HP: 112/112 MP: 18/18
  9548 | Lair:1   | XOM: noise
 10052 | Lair:2   | XOM: cloud trail
 10112 | Lair:2   | XOM: divination: detect items
 10151 | Lair:2   | XOM: cast spell 'Leda's Liquefaction'
 10262 | Lair:2   | XOM: torment (63/112 hp)
 10325 | Lair:2   | Found a runed translucent gate.
 10325 | Lair:2   | Found a runed translucent gate.
 10438 | Lair:2   | XOM: polymorph rime drake -> harpy
 10527 | Lair:2   | Found a staircase to the Swamp.
 10624 | Lair:2   | XOM: confuse monster(s)
 10872 | Lair:2   | Found a runed translucent gate.
 10874 | Lair:2   | Noticed Tewichka's ghost (adept KoHu)
 11129 | Lair:2   | Learned a level 1 spell: Apportation
 11131 | Lair:2   | Identified the +12 double sword of the Reaper {vorpal, rF+
                  | Int+4}
 11131 | Lair:2   | XOM: chaos cloud
 11142 | Lair:2   | XOM: swap monsters
 11153 | Lair:2   | XOM: polymorph ten-headed hydra -> glowing shapeshifter
 11177 | Lair:2   | XOM: silly message
 11232 | Lair:2   | XOM: draining
 11271 | Lair:3   | Found a hole to the Spider Nest.
 11364 | Lair:3   | Reached skill level 1 in Long Blades
 11425 | Lair:3   | XOM: divination: detect creatures
 11749 | Lair:3   | XOM: blink monster(s)
 11850 | Lair:3   | XOM: give mutation
 11850 | Lair:3   | Gained mutation: You are somewhat resistant to further
                  | mutation. [Xom's grace]
 11858 | Lair:3   | XOM: fog
 11948 | Lair:3   | Reached skill level 5 in Long Blades
 11951 | Lair:3   | XOM: cast spell 'Statue Form'
 12238 | Lair:3   | XOM: fake destruction
 12308 | Lair:4   | XOM: scenery: create altars
 12328 | Lair:4   | Learned a level 4 spell: Manifold Assault
 12354 | Lair:4   | Found a frozen archway.
 12435 | IceCv    | Entered an ice cave
 12523 | IceCv    | XOM: 3-stop teleportation journey
 12710 | Lair:4   | XOM: draining
 12983 | Lair:4   | Identified the ring of Qyrinuap {rF+ rN+ AC+4}
 12998 | Lair:4   | XOM: cloud trail
 13314 | Lair:4   | XOM is BORED!
 13314 | Lair:4   | XOM: summons 7 hostile demons
 13462 | D:10     | Noticed a ghost moth
 13467 | D:10     | XOM: fake destruction
 13470 | D:10     | Killed a ghost moth
 14110 | D:11     | XOM: potion effect (invisibility)
 14267 | D:11     | XOM: destruction
 14268 | D:11     | Reached XP level 14. HP: 108/120 MP: 20/20
 14454 | D:11     | Identified the ring "Tesmyejyo" {MP+9 AC+4 Slay+5} (Xom
                  | gifted it to you on level 11 of the Dungeon)
 14454 | D:11     | XOM: god gift: ring "Tesmyejyo" {MP+9 AC+4 Slay+5}
 14765 | D:12     | XOM: scenery: summon butterflies
 14955 | D:12     | Found a staircase to the Orcish Mines.
 15193 | D:12     | Identified the +1 cloak of Ymyxza Kepu {Str+6 Int-4}
 15357 | D:12     | XOM: scenery: create altars
 15601 | D:13     | XOM: noise
 15611 | D:13     | XOM: smoke on damage
 15619 | D:13     | Reached skill level 10 in Long Blades
 15682 | D:13     | XOM: god gift: 759 gold pieces
 15805 | D:13     | XOM: noise
 15886 | D:13     | XOM: god gift: 42 gold pieces
 15917 | D:13     | Identified the ring of Vehumet's Delight {Contam Fly rN+
                  | MP+9}
 16058 | D:13     | XOM: noise
 16218 | D:13     | XOM: summons 4 hostile demons
 16617 | D:12     | XOM: give mutation
 16617 | D:12     | Gained mutation: Your muscles are strong. (Str +4, Int/Dex
                  | -1) [Xom's grace]
 16636 | Orc:1    | Entered Level 1 of the Orcish Mines
 16972 | Orc:1    | XOM: blink monster(s)
 16986 | Orc:1    | XOM: summons friendly crimson imp
 16987 | Orc:1    | Reached skill level 10 in Armour
 17093 | Orc:1    | XOM: god gift: 25 gold pieces
 17399 | Orc:2    | Entered Level 2 of the Orcish Mines
 17499 | Orc:2    | Found a staircase to the Elven Halls.
 17501 | Orc:2    | XOM: destruction
 17503 | Orc:2    | Found Eluteywkoa's Book Shop.
 17509 | Orc:2    | XOM: divination: detect creatures
 17779 | Orc:2    | XOM: cast spell 'Alistair's Intoxication'
 18041 | Orc:2    | Found Qagi's Magic Scroll Shoppe.
 18051 | Orc:2    | XOM: blink monster(s)
 18052 | Orc:2    | XOM: scenery: create altars
 18053 | Orc:2    | XOM: enchant monster (bad)
 18179 | Orc:2    | XOM: confuse monster(s)
 18200 | Orc:2    | Bought a scroll of teleportation for 36 gold pieces
 18200 | Orc:2    | Bought a scroll of teleportation for 36 gold pieces
 18200 | Orc:2    | Bought a scroll of identify for 24 gold pieces
 18200 | Orc:2    | Bought a scroll of identify for 24 gold pieces
 18200 | Orc:2    | Bought a scroll of brand weapon for 114 gold pieces
 18213 | Orc:2    | Found an ancient bone altar of Kikubaaqudgha.
 18217 | Orc:2    | XOM: cast spell 'Call Canine Familiar'
 18277 | Orc:2    | Noticed Erolcha
 18369 | D:14     | Noticed Rupert
 18369 | D:14     | Noticed Urug
 18369 | D:14     | Found a gate to the Vaults.
 18412 | D:14     | XOM: divination: detect items
 18642 | D:14     | Identified the amulet "Ogauhow" {Faith rC+ Int-5 Dex+5}
 18653 | D:14     | XOM: cast spell 'Summon Cactus Giant'
 18656 | D:14     | Paralysed by Rupert for 5 turns
 18662 | D:14     | Paralysed by Rupert for 2 turns
 18664 | D:14     | XOM: smoke on damage
 18670 | D:14     | XOM: confuse monster(s)
 18677 | D:14     | XOM: enchant monster (bad)
 18681 | D:14     | Identified the +5 scale mail of Grottiness {rElec rC+}
 18690 | D:14     | XOM: potion effect (might)
 18692 | D:14     | XOM: summons friendly iron imp
 18822 | D:14     | Killed Urug
 18883 | D:14     | XOM: summons 2 friendly demons
 18940 | D:14     | XOM: potion effect (invisibility)
 18979 | D:14     | XOM: god gift: short sword {god gift}
 19327 | Lair:3   | XOM: give mutations
 19327 | Lair:3   | Gained mutation: You have sharp fingernails. [Xom's grace]
 19327 | Lair:3   | Gained mutation: Your muscles are very strong. (Str +8,
                  | Int/Dex -2) [Xom's grace]
 19350 | Lair:3   | XOM: summons 3 friendly demons
 19354 | Lair:3   | XOM: enchant monster (good)
 19642 | Lair:3   | XOM: summons 1 hostile demon
 19724 | Lair:4   | XOM: give mutation
 19724 | Lair:4   | Gained mutation: You have very sharp fingernails. [Xom's
                  | grace]
 19732 | Lair:4   | XOM: god gift: wand of iceblast (6)
 19806 | Lair:5   | Entered Level 5 of the Lair of Beasts
 19859 | Lair:5   | XOM: destruction
 19862 | Lair:5   | XOM: scenery: create altars
 19964 | Lair:5   | XOM: confuse monster(s)
 20017 | Lair:5   | XOM: cloud trail
 20073 | Lair:5   | XOM: fake destruction
 20182 | Lair:4   | XOM: give mutations
 20182 | Lair:4   | Gained mutation: You passively dampen the noise of your
                  | surroundings. [Xom's mischief]
 20182 | Lair:4   | Gained mutation: You occasionally shout uncontrollably at
                  | your foes. [Xom's mischief]
 20299 | Lair:4   | XOM: give mutations
 20299 | Lair:4   | Lost mutation: You occasionally shout uncontrollably at
                  | your foes. [Xom's mischief]
 20299 | Lair:4   | Lost mutation: You passively dampen the noise of your
                  | surroundings. [Xom's mischief]
 20299 | Lair:4   | Gained mutation: You occasionally shout uncontrollably at
                  | your foes. [Xom's mischief]
 20605 | Lair:5   | XOM: snakes to sticks
 20618 | Lair:5   | Reached XP level 15. HP: 132/132 MP: 21/21
 20623 | Lair:5   | XOM: scenery: summon butterflies
 20664 | Lair:5   | Found a staircase to the Slime Pits.
 20701 | Lair:5   | XOM: summons 5 friendly demons
 20704 | Lair:5   | XOM: confuse monster(s)
 20821 | Lair:5   | XOM: cleaving
 20836 | Lair:5   | XOM: confuse monster(s)
 20838 | Lair:5   | XOM: summons 15 friendly demons
 21077 | Lair:5   | XOM: enchant monster (good)
 21084 | Lair:5   | XOM: scenery: summon butterflies
 21191 | Lair:5   | XOM: confuse monster(s)
 21218 | Lair:5   | XOM: summons 2 friendly demons
 21238 | Lair:5   | XOM: potion effect (heal wounds)
 21306 | Lair:5   | Found a large runed translucent door.
 21307 | Lair:5   | Found a large runed translucent door.
 21786 | Lair:5   | XOM: scenery: create altars
 21860 | Lair:5   | XOM: fake destruction
 21862 | Lair:5   | XOM: scenery: create altars
 21865 | Lair:5   | XOM: confuse monster(s)
 22001 | Lair:5   | XOM: give mutations
 22001 | Lair:5   | Gained mutation: Your system is resistant to poisons.
                  | (rPois) [Xom's grace]
 22001 | Lair:5   | Lost mutation: You are somewhat resistant to further
                  | mutation. [Xom's grace]
 22001 | Lair:5   | Gained mutation: You have hidden genetic potential. [Xom's
                  | grace]
 22203 | D:14     | XOM: confuse monster(s)
 22208 | D:15     | Entered Level 15 of the Dungeon
 22442 | D:15     | XOM: chaos cloud
 22445 | D:15     | XOM: butterfly on damage
 22450 | D:15     | Reached skill level 1 in Shields
 22644 | D:15     | XOM: noise
 22765 | D:15     | XOM: 1-stop teleportation journey
 22842 | D:15     | XOM: confusion (+ monsters)
 22848 | D:15     | XOM: confusion (+ monsters)
 22858 | D:15     | XOM: scenery: create altars
 23252 | D:15     | Found a staircase to the Depths.
 23260 | D:15     | Slain by a spark wasp zombie

Illustrated notes

Levels and vault maps discovered:
D:1:      minmay_arrival_plants_in_alcoves, layout_rooms,
          shapermc_ecumenical_altar_venn
D:2:      layout_basic, basic_altar, minivault_23
D:3:      layout_rooms, uniq_robin, uniq_natasha
D:4:      layout_gridville, minmay_temple_entry_proselytizer,
          ebering_ghost_sewer_f, minmay_ruptured
D:5:      minmay_skewed_foursquare, layout_basic
D:6:      layout_cave_pools, kennysheep_small_spiral, kennysheep_generic_room_4
D:7:      layout_rooms, marbit_many_paths, moated_statue, st_stairs_3,
          nrook_mini_backslash, chequers_serial_rivers_large_b, fountainhead,
          serial_park_tiny_2, minivault_5
D:8:      layout_gridville, gammafunk_ghost_smash, minmay_small_thing
D:9:      layout_basic, serial_bayou_pond_d
D:10:     layout_rooms, dpeg_lair_monsters, skrybe_limestone_x
D:11:     layout_roguey, serial_glass, glass_columns_a, glass_columns_b
D:12:     layout_loops_ring, orc_0_dummy, minmay_circle_x
D:13:     layout_loops_corners
D:14:     layout_long_grid, david_vaults_3, minmay_misc_feat_encased
D:15:     gammafunk_depths_entry_grave, layout_grid_maze, serial_bayou_pond_b,
          roderic_batcave, amcnicky_mini_rare_corridor_liquid
Lair:1:   layout_regular_city, chequers_serial_rivers_small_a
Lair:2:   layout_gridlike, swamp_mist_pool, gammafunk_ghost_hydra_chop
Lair:3:   layout_regular_city, dummy_spider_entry, minmay_shattered_shrine
Lair:4:   layout_hall_layers, portal_ice_cave_entry_ice_simulacra, st_stairs_3,
          dreamdust_wasp_nest
Lair:5:   cheibrodos_lair_end_hotspot, layout_regular_city,
          nicolae_slime_entry_slimehenge
Orc:1:    layout_caves, basic_altar
Orc:2:    kennysheep_orc_mage_school, layout_caves, basic_altar, serial_shops,
          shop

Skill      XL: |  1  2  3  4  5  6  7  8  9 10 11 12 13 14 15 |
---------------+----------------------------------------------+-----
Stealth        | 1 2 3 4 6 7 8 9 |  9.2
Dodging        | 1 2 3 4 5 7 |  7.6
Fighting       | 3 4 5 6 7 9 |  9.7
Short Blades   | 3 4 5 6 7 10 | 10.8
Armour         | 3 4 5 6 7 8 9 11 12 | 12.1
Spellcasting   | 2 3 4 |  4.4
Translocations | 1 3 |  3.2
Hexes          | 7 8 |  8.1
Long Blades    | 9 11 12 | 12.7
Shields        | 2 |  2.1

Action                   |  1- 3 |  4- 6 |  7- 9 | 10-12 | 13-15 || total
-------------------------+-------+-------+-------+-------+-------++-------
Melee: Dagger            |    14 |       |     5 |   172 |   192 ||   383
       Short sword       |     5 |       |       |       |       ||     5
       Hand axe          |    50 |   109 |   323 |       |       ||   482
       Tailslap          |     6 |    17 |    41 |    30 |   198 ||   292
       Punch             |     1 |       |     3 |     3 |    12 ||    19
       Double sword      |       |       |       |       |   824 ||   824
       Scimitar          |       |       |       |       |    31 ||    31
Throw: Dart              |       |       |     1 |     8 |     9 ||    18
 Cast: Blink             |       |       |       |     1 |     2 ||     3
       Confusing Touch   |       |       |       |       |    11 ||    11
       Apportation       |       |       |       |       |     2 ||     2
Evoke: Piece from Xom's  |       |       |     8 |       |       ||     8
       Wand              |       |       |       |     4 |     2 ||     6
       Tin of tremorston |       |       |       |       |     1 ||     1
  Use: Scroll            |       |     9 |       |    15 |    21 ||    45
       Potion            |       |       |       |     5 |    12 ||    17
 Stab: Sleeping          |     5 |     3 |    13 |    10 |    30 ||    61
       Distracted        |       |       |     1 |       |     6 ||     7
       Petrified         |       |       |     1 |       |     1 ||     2
       Confused          |       |       |     2 |     1 |    20 ||    23
       Invisible         |       |       |       |     2 |    18 ||    20
Armor: Leather armour    |    23 |    74 |   106 |     5 |       ||   208
       Troll leather arm |       |       |       |    51 |   145 ||   196
       Acid dragon scale |       |       |       |       |   354 ||   354
Dodge: Dodged            |    24 |    52 |   142 |   149 |   660 ||  1027
Block: Tower shield      |       |       |       |       |    44 ||    44

Table legend: (Time is in decaauts)
 A = Elapsed time spent in this place.
 B = Non-inter-level travel time spent in this place.
 C = Inter-level travel time spent in this place.
 D = Time resting spent in this place.
 E = Time spent auto-exploring this place.
 F = Levels seen in this place.
 G = Mean time per level.
                   A        B        C        D        E       F      G
               +--------+--------+--------+--------+--------+-----+--------+
         Total |  23057 |  21838 |   1219 |   3310 |  13920 |  23 | 1002.5 |
       Dungeon |  13825 |  13115 |    710 |   2145 |   8551 |  15 |  921.7 |
          Lair |   7466 |   7010 |    456 |    965 |   4278 |   5 | 1493.2 |
  Orcish Mines |   1685 |   1632 |     53 |    200 |   1083 |   2 |  842.5 |
      Ice Cave |     79 |     79 |      0 |      0 |      8 |   1 |   79.0 |
               +--------+--------+--------+--------+--------+-----+--------+

Top non-repeatable levels by time:
  Lair:5: 1920 daAuts
     D:5: 1553 daAuts
  Lair:2: 1493 daAuts
  Lair:4: 1467 daAuts
  Lair:3: 1405 daAuts
    D:13: 1363 daAuts
     D:7: 1301 daAuts
  Lair:1: 1179 daAuts
     D:9: 1087 daAuts
    D:15: 1069 daAuts
     D:6: 979 daAuts
     D:4: 976 daAuts
     D:8: 937 daAuts
   Orc:2: 925 daAuts
    D:10: 901 daAuts
